 Dungeon Crawl Stone Soup version 0.32-a0-141-g04fe697 (webtiles) character file.

Game seed: 2114664297037404673

75 edsrzf the Conjurer (level 4, -4/27 HPs)
             Began as an Octopode Hedge Wizard on Feb 11, 2024.
             Slain by a goblin
             ... wielding a +0 club
             ... led by Robin
              (6 damage)
             ... on level 2 of the Dungeon.
             The game lasted 00:02:02 (1775 turns).

edsrzf the Conjurer (Octopode Hedge Wizard)         Turns: 1775, Time: 00:02:02

Health: -4/27      AC:  1    Str:  9    XL:     4   Next: 31%
Magic:  3/8        EV: 13    Int: 18    God:
Gold:   47         SH:  0    Dex: 11    Spells: 6/9 levels left

rFire   . . .        a - +3 short sword (drain)
rCold   . . .        (no shield)
rNeg    . . .        b - +0 hat
rPois   .            (no amulet)
rElec   .            (no ring)
rCorr   .            (no ring)
SInv    .            (no ring)
Will    .....        (no ring)
Stlth   +++          (no ring)
HPRegen 0.24/turn    (no ring)
MPRegen 0.11/turn    (no ring)
                     (no ring)

%: no passive effects
@: no status effects
A: almost no armour, amphibious, 8 rings, camouflage 1, gelatinous body 1,
(nimble swimmer 1), tentacles
a: no special abilities


You were on level 2 of the Dungeon.
You visited 1 branch of the dungeon, and saw 2 of its levels.

You collected 47 gold pieces.

Inventory:

Hand Weapons
 a - a +3 short sword of draining (weapon)
 h - a +0 dagger
Missiles
 l - 5 poisoned darts
Armour
 b - a +0 hat (worn)
Jewellery
 d - a ring of wizardry
Wands
 m - a wand of iceblast (10)
Scrolls
 g - 2 scrolls of identify {unknown}
 j - a scroll of summoning {unknown}
 o - a scroll of poison {unknown}
Potions
 c - a potion of magic
 e - a potion of haste {unknown}
 f - a potion of attraction {unknown}
 i - 2 potions of heal wounds {unknown}
 k - a potion of might {unknown}
 n - a potion of curing {unknown}


   Skills:
 - Level 2.0 Dodging
 - Level 2.6 Stealth
 + Level 3.3 Spellcasting
 - Level 3.3 Conjurations
 + Level 1.2 Hexes
 - Level 1.0 Summonings
 - Level 1.0 Translocations


You had 6 spell levels left.
You knew the following spells:

 Your Spells              Type           Power      Damage    Failure   Level
h - Ensorcelled Hibernat  Hex/Ice        10%        N/A       19%         2
X - Magic Dart            Conj           60%        1d6       4%          1

Your spell library contained the following spells:

 Spells                   Type           Power      Damage    Failure   Level
 Slow                     Hex            28%        N/A       10%         1
 Blink                    Tloc           12%        N/A       16%         2
 Call Imp                 Summ           12%        N/A       16%         2
 Cigotuvi's Dreadful Rot  Necr/Alch/Air  4%         N/A       24%         2
 Sigil of Binding         Hex            7%         N/A       28%         3
 Call Canine Familiar     Summ           6%         N/A       30%         3
 Mephitic Cloud           Conj/Alch/Air  6%         N/A       30%         3
 Fugue of the Fallen      Necr           2%         N/A       43%         3
 Dimensional Bullseye     Hex/Tloc       3%         N/A       69%         4
 Anguish                  Hex/Necr       2%         N/A       77%         4


Dungeon Overview and Level Annotations

Branches:
Dungeon (2/15)

Altars:

Annotations:
D:2 Robin


Innate Abilities, Weirdness & Mutations

You cannot wear most types of armour.
You are amphibious.
You can wear up to eight rings at the same time.
Your skin changes colour to match your surroundings (Stealth+).
Your rubbery body absorbs attacks. (AC +1, EV +1)
((You are camouflaged when in or above water. (Stealth+)))
You have tentacles for arms and can constrict up to eight enemies at once.


Message History

You kill the quokka!
No target in view!
Magic restored.
An endoplasm comes into view.
The endoplasm quivers.
You see here a quokka corpse.
You completely miss the endoplasm. The endoplasm hits you.
You barely miss the endoplasm.
Your tentacle-slap misses the endoplasm.
You squeeze the endoplasm.
You kill the endoplasm!
A goblin comes into view.
It is wielding a +2 dagger of protection.
Casting: Magic Dart (safe; 4% risk of failure)
Confirm with . or Enter, or press ? or * to list all spells.
The magic dart hits the goblin.
The goblin is moderately wounded.
The goblin shouts!
You hear a shout! x2
Casting: Magic Dart (safe; 4% risk of failure)
Confirm with . or Enter, or press ? or * to list all spells.
The magic dart hits the goblin.
The goblin is severely wounded.
Casting: Magic Dart (safe; 4% risk of failure)
Confirm with . or Enter, or press ? or * to list all spells.
The magic dart hits the goblin but does no damage.
The goblin is severely wounded.
Casting: Magic Dart (safe; 4% risk of failure)
Confirm with . or Enter, or press ? or * to list all spells.
The magic dart hits the goblin but does no damage.
The goblin is severely wounded.
Casting: Magic Dart (safe; 4% risk of failure)
Confirm with . or Enter, or press ? or * to list all spells.
The magic dart hits the goblin but does no damage.
The goblin is severely wounded.
A goblin comes into view. It is wielding a +0 club.
The goblin shouts!
The goblin misses you.
A goblin comes into view. It is wielding a +0 dagger.
You closely miss the goblin.
The goblin shouts!
Your grab misses the goblin.
The goblin is severely wounded.
You hear a shout! x2
The goblin hits you with a +2 dagger of protection.
Robin of the Strong Arm comes into view.
They are wielding a +0 trident.
Robin shouts!
You hit the goblin.
You kill the goblin!
A goblin comes into view.
It is wielding a +0 club. 2 goblins come into view.
The goblin shouts! x2; You hear a shout!
Robin throws the goblin at you!
A goblin comes into view. It is wielding a +0 club.
The goblin barely misses you.
You see here a +2 dagger of protection.
The goblin shouts!
You hit the goblin.
You kill the goblin!
You hear a shout!
A goblin comes into view. It is wielding a +0 dagger.
A hobgoblin comes into view.
You hear a shout! x2
The hobgoblin shouts!
The goblin shouts!
You hit the goblin.
You kill the goblin!
Robin roars a battlecry!
The goblins go into a battle-frenzy!
You hit the goblin.
You kill the goblin!
Robin throws the goblin at you!
A hobgoblin comes into view.
A goblin comes into view. It is wielding a +0 club.
The goblin hits you with a +0 dagger.
Unknown command.
You hit the goblin.
You kill the goblin!
Casting: Magic Dart (safe; 4% risk of failure)
Confirm with . or Enter, or press ? or * to list all spells.
The magic dart hits the goblin.
The goblin is moderately wounded.
A hobgoblin comes into view.
Casting: Magic Dart (safe; 4% risk of failure)
Confirm with . or Enter, or press ? or * to list all spells.
The magic dart hits the goblin.
You kill the goblin!
A hobgoblin comes into view.
Robin says, "My goblins will feast on your bones."
Robin throws the goblin at you! The goblin hits you with a +0 club.
Things that are here:
a +0 dagger; a +0 club; a goblin corpse You barely miss the goblin.
Your grab misses the goblin.
Robin roars a battlecry!
The hobgoblin goes into a battle-frenzy!
The goblin hits you with a +0 club.
Okay, then.
The goblin hits you with a +0 club!
* * * LOW HITPOINT WARNING * * *
Robin throws the goblin at you!
* * * LOW HITPOINT WARNING * * *
The goblin hits you with a +0 club.
You die...

. .. ##### .# #
#...# #.#
...##.##g).###.#
####
....ggg)@g.....#####
#...
.####g###.##.......#
#... .. #.##.......#
#... #.g
#.##.......# #... ##
#.##.......# #...
.#.##...#######...
.......†.........)
...####.#########.
## #.# #.


You could see Robin, 2 hobgoblins and 3 goblins.

Vanquished Creatures
  A gnoll (D:1)
  An adder (D:2)
  A ribbon worm (D:2)
  2 dart slugs (D:1)
  An endoplasm (D:2)
  9 goblins
  6 hobgoblins (D:1)
  8 jackals
  A quokka (D:2)
  4 ball pythons
  4 bats
  2 frilled lizards (D:1)
  3 kobolds (D:1)
  A rat (D:1)
44 creatures vanquished.

Notes
Turn   | Place    | Note
-------+----------+-------------------------------------------
     0 | D:1      | edsrzf the Octopode Hedge Wizard began the quest for the
                  | Orb.
     0 | D:1      | Reached XP level 1. HP: 11/11 MP: 4/4
   198 | D:1      | Reached skill level 2 in Conjurations
   198 | D:1      | Reached XP level 2. HP: 11/17 MP: 3/6
   673 | D:1      | Reached XP level 3. HP: 21/21 MP: 4/7
   778 | D:1      | Reached skill level 3 in Conjurations
  1439 | D:2      | Learned a level 2 spell: Ensorcelled Hibernation
  1663 | D:2      | Reached XP level 4. HP: 27/27 MP: 4/8
  1699 | D:2      | Reached skill level 1 in Hexes
  1764 | D:2      | Noticed Robin
  1775 | D:2      | Slain by a goblin

Illustrated notes

Levels and vault maps discovered:
D:1:      saegor_arrival_under_anarchy, layout_loops_ring
D:2:      layout_basic, uniq_robin

Skill      XL: |  1  2  3  4 |
---------------+-------------+-----
Conjurations   | 2 3 |  3.3
Hexes          | 1 |  1.2
Dodging        | |  2.0
Stealth        | |  2.6
Spellcasting   | |  3.3
Summonings     | |  1.0
Translocations | |  1.0

Action                     |  1- 3 |  4- 6 || total
---------------------------+-------+-------++-------
  Melee: Dagger            |     7 |       ||     7
         Constrict         |     7 |     2 ||     9
         Tentacles         |     5 |     3 ||     8
         Short sword       |    14 |    16 ||    30
         Punch             |     1 |     1 ||     2
   Cast: Magic Dart        |    57 |     9 ||    66
   Stab: Sleeping          |     2 |     1 ||     3
 Armour: Skin              |     5 |    13 ||    18
  Dodge: Dodged            |    16 |     5 ||    21

Table legend: (Time is in decaauts)
 A = Elapsed time spent in this place.
 B = Non-inter-level travel time spent in this place.
 C = Inter-level travel time spent in this place.
 D = Time resting spent in this place.
 E = Time spent auto-exploring this place.
 F = Levels seen in this place.
 G = Mean time per level.
                   A        B        C        D        E       F      G
               +--------+--------+--------+--------+--------+-----+--------+
         Total |   1774 |   1728 |     46 |    182 |   1329 |   2 |  887.0 |
       Dungeon |   1774 |   1728 |     46 |    182 |   1329 |   2 |  887.0 |
               +--------+--------+--------+--------+--------+-----+--------+

Top non-repeatable levels by time:
     D:1: 1424 daAuts
     D:2: 349 daAuts
